 Dungeon Crawl Stone Soup version 0.32-a0-30-gefbe487952 (webtiles) character file.

Game seed: 5192180869794079110

18793 bakla the Nimble (level 12, -2/66 HPs)
             Began as a Felid Alchemist on Jan 19, 2024.
             Was a Believer of Wu Jian.
             Succumbed to Erica's bolt of poison
             ... on level 1 of the Lair of Beasts.
             The game lasted 00:41:58 (17919 turns).

bakla the Nimble (Felid Alchemist)                 Turns: 17919, Time: 00:41:59

Health: -2/66      AC:  3    Str:  8    XL:     12   Next: 30%
Magic:  12/20      EV: 31    Int: 19    God:    Wu Jian [**....]
Gold:   197        SH:  5    Dex: 26    Spells: 8/21 levels left
                                        Lives:  0   Deaths: 4

rFire   . .          .
                       - Unarmed
rCold   + . .        (shield unavailable)
rNeg    + . .        (body armour unavailable)
rPois   .            (helmet unavailable)
rElec   .            (cloak unavailable)
rCorr   .            (gloves unavailable)
SInv    +            (boots unavailable)
Will    +....        g - amulet of reflection
Stlth   +++++        b - ring of positive energy
HPRegen 0.31/turn    p - +6 ring of dexterity
MPRegen 0.17/turn

%: reflection
@: lethally poisoned (-2 -> -44), beast-form, very slightly contaminated
A: beast (slay +4), very small, claws 2, fangs 3, see invisible, shaggy fur 3,
stealthy paws, no weapons or thrown items, no armour, multi-lived, thin skeletal
structure 1
a: Begin Untransformation, Renounce Religion, Wall Jump


You were on level 1 of the Lair of Beasts.
You worshipped Wu Jian.
Wu Jian was pleased with you.
You were a hulking beast.
You visited 4 branches of the dungeon, and saw 16 of its levels.
You also visited: Sewer and Gauntlet.

You collected 779 gold pieces.
You spent 582 gold pieces at shops.

Inventory:

Jewellery
 b - a ring of positive energy (left paw)
 g - an amulet of reflection (around neck)
 p - a +6 ring of dexterity (right paw)
Talismans
 w - a beast talisman (active)
Wands
 m - a wand of digging (6)
 r - a wand of mindburst (4)
 y - a wand of flame (14)
Scrolls
 d - a scroll of poison
 j - 2 scrolls of revelation
 n - a scroll of noise
 u - a scroll of immolation
Potions
 a - 2 potions of magic
 c - 3 potions of resistance
 e - 2 potions of might
 f - a potion of curing
 i - a potion of lignification {unknown}
 k - 4 potions of mutation
 l - a potion of invisibility {unknown}
 o - a potion of berserk rage {unknown}
 t - 3 potions of brilliance
 x - a potion of attraction {unknown}


   Skills:
 + Level 9.1 Fighting
 + Level 12.0 Dodging
 + Level 7.0 Stealth
 + Level 9.0 Unarmed Combat
 - Level 5.0 Spellcasting
 - Level 0.8 Conjurations
 - Level 2.7 Hexes
 - Level 7.0 Alchemy
 + Level 7.5 Shapeshifting


You had 8 spell levels left.
You knew the following spells:

 Your Spells              Type           Power      Damage    Failure   Level
a - Sting                 Conj/Alch      76%        1d7       2%          1
b - Mercury Vapours       Alch/Air       36%        N/A       4%          2
c - Mephitic Cloud        Conj/Alch/Air  14%        N/A       13%         3
d - Olgreb's Toxic Radia  Alch           31%        N/A       7%          4
e - Confusing Touch       Hex            15%        N/A       12%         3

Your spell library contained the following spells:

 Spells                   Type           Power      Damage    Failure   Level
 Kiss of Death            Conj/Necr      24%        2d7       11%         1
 Dazzling Flash           Conj/Hex       22%        N/A       19%         3
 Sticky Flame             Fire/Alch      18%        2d6       28%         4
 Fugue of the Fallen      Necr           4%         N/A       36%         3
 Ozocubu's Armour         Ice            4%         N/A       36%         3
 Dispel Undead            Necr           4%         3d7       77%         4
 Manifold Assault         Tloc           4%         N/A       77%         4
 Silence                  Hex/Air        5%         N/A       89%         5
 Curse of Agony           Necr           4%         N/A       98%         5


Dungeon Overview and Level Annotations

Branches:
Dungeon (12/15)            Temple (1/1) D:7            Lair (2/5) D:8
    Orc (1/2) D:10          Sewer (visited)         Gauntlet (visited)
  Swamp: Lair:2-3    Shoals: Lair:2-3     Snake: Lair:2-3    Spider: Lair:2-3

Altars:
Ashenzari
Cheibriados
Dithmenos
Elyvilon
Fedhas
Gozag
Hepliaklqana
Kikubaaqudgha
Nemelex Xobeh
Okawaru
Qazlal
Ru
Sif Muna
Trog
Uskayaw
Vehumet
Wu Jian
Xom
Yredelemnul
Zin
The Shining One

Shops:
D:1 [   D:4 *   D:11 *

Annotations:
D:4 2 transporters, LoggersVIII's ghost, amateur OpEE
D:5 exclusion: door
D:6 exclusion: troll
D:7 exclusion: steam dragon
D:9 exclusion: steam dragon
D:10 Urug
Lair:2 exclusion: komodo dragon, Erica


Innate Abilities, Weirdness & Mutations

You are a hulking beast.
Your limbs bulge with bestial killing power. (Slay +4)
You have sharp claws.
You have razor-sharp teeth.
You have supernaturally acute eyesight. (SInv)
Your thick and shaggy fur keeps you warm. (AC +3, rC+)
Your paws help you pounce on unaware monsters.
You are incapable of wielding weapons or throwing items.
You cannot wear armour.
You gain extra lives every three experience levels.
You have a somewhat thin skeletal structure. (Dex +2, Stealth+)


Message History

There is a stone staircase leading up here.
Casting: Sting (safe; 2% risk of failure)
Confirm with . or Enter, or press ? or * to list all spells.
You miscast Olgreb's Toxic Radiance.
You are very lightly contaminated with residual magic.
Nothing appears to happen.
Erica shouts!
Erica screams, "You'll never get it!"
Unknown command.
Casting: Olgreb's Toxic Radiance (dangerous; 7% risk of failure)
Confirm with . or Enter, or press ? or * to list all spells.
You begin to radiate toxic energy.
The killer bee buzzes angrily.
The killer bee is poisoned. x2; Erica is poisoned.
You hear a trumpeting!
Erica casts a spell at you.
The bolt of poison hits the fungus!
The fungus is poisoned.
The fungus begins to die.
The bolt of poison hits you!!
You are poisoned.
* * * LOW HITPOINT WARNING * * *
The killer bee completely misses you.
Unknown command.
Unknown command.
Unknown command.
The killer bee looks even sicker.
The killer bee buzzes angrily.
The killer bee is poisoned.
The komodo dragon hisses angrily.
The komodo dragon is poisoned.
You feel very sick. The killer bee completely misses you.
Erica casts a spell at you.
The bolt of poison hits the fungus!
The bolt of poison hits you!!
You are lethally poisoned!
* * * LOW HITPOINT WARNING * * *
You block the killer bee's attack. The killer bee completely misses you.
The killer bee buzzes angrily.
You hear an angry buzzing noise.
You climb upwards.
Your toxic aura wanes.
You die...

....................##
########.
#...................###
##
##.#####............P.#
### #...............##
#..#.............##
##.##..............#
######..##.............##
.......###............#.#
###
.####..###.....yh.....###
#.. ##
##..##...........### ##..
##.##............P# ##...
#..#.......P.....#
###....
#...#..>.###....##
#......
##.##.#.###.#....#
##...... #..#####
##.....###....... #P.#
#.#...##........ ##.##
###...P#........


You could see a killer bee (poisoned).

Vanquished Creatures
  Erolcha (D:10)
  A centaur warrior (D:9)
  Fannar (D:10)
  2 boulder beetles
  Pikel (D:6)
  4 cyclopes
  A manticore (D:11)
  A worldbinder (Gauntlet)
  A black mamba (Lair:1)
  Maggie (D:10)
  An unseen horror (D:9)
  Jeremiah (D:6)
  A rime drake (Lair:1)
  A komodo dragon (Lair:1)
  An unseen horror zombie (D:9)
  A kobold demonologist (D:9)
  An unseen horror skeleton (D:9)
  A polar bear (Lair:1)
  A hornet (D:7)
  A troll (D:8)
  Prince Ribbit (D:6)
  5 blink frogs (Lair:2)
  A wraith (D:10)
  15 yaks
  Eustachio (D:4)
  A vampire (D:10)
  A warg (D:10)
  2 wyverns
  3 basilisks
  A vampire mosquito (D:9)
  2 acid dragons
  A water moccasin (Lair:2)
  A black bear (D:4)
  7 orc warriors
  An ice beast (D:8)
  3 ogres
  2 boggarts (Gauntlet)
  4 wolves
  3 centaurs
  A lemure (D:6)
  A phantom (D:5)
  4 kobold brigands
  A gnoll sergeant (D:8)
  4 bullfrogs
  2 scorpions (D:6)
  4 wights
  3 burial acolytes (D:9)
  16 killer bees
  3 centaur zombies (D:9)
  2 howler monkeys
  A hound (D:5)
  2 gnoll boudas
  9 orc priests
  A human zombie (D:9)
  3 iguanas
  A sleepcap (D:5)
  14 orc wizards
  A hell rat (Lair:2)
  A killer bee zombie (D:9)
  Robin (D:4)
  14 gnolls
  6 adders
  A howler monkey skeleton (D:9)
  2 river rats
  2 white imps
  2 ufetubi (D:6)
  A dart slug (D:2)
  4 ribbon worms
  68 orcs
  10 ball pythons
  11 endoplasms
  4 giant cockroaches
  11 goblins
  8 hobgoblins
  3 quokkas
  3 bats
  5 frilled lizards
  16 kobolds
  4 rats
329 creatures vanquished.

Notes
Turn   | Place    | Note
-------+----------+-------------------------------------------
     0 | D:1      | bakla the Felid Alchemist began the quest for the Orb.
     0 | D:1      | Reached XP level 1. HP: 9/9 MP: 4/4
    52 | D:1      | You fall into a shaft and drop 1 floor!
   159 | D:2      | Reached skill level 3 in Dodging
   159 | D:2      | Reached XP level 2. HP: 2/14 MP: 3/6
   391 | D:1      | Found Kikk's Antique Armour Emporium.
   743 | D:1      | Found a faded altar of an unknown god.
   873 | D:1      | Learned a level 2 spell: Mercury Vapours
   915 | D:2      | Reached skill level 1 in Fighting
   918 | D:2      | Reached XP level 3. HP: 18/18 MP: 2/7
  1125 | D:2      | Reached skill level 1 in Unarmed Combat
  2053 | D:3      | Reached skill level 1 in Shapeshifting
  2088 | D:3      | Reached XP level 4. HP: 22/22 MP: 2/8
  2088 | D:3      | Gained a life (2 lives remaining)
  2231 | D:3      | Learned a level 3 spell: Mephitic Cloud
  3000 | D:3      | Found a blossoming altar of Fedhas.
  3077 | D:3      | Found a sparkling altar of Nemelex Xobeh.
  3335 | D:4      | Noticed an ogre
  3370 | D:4      | Found a shimmering altar of Xom.
  3370 | D:4      | Found a glowing golden altar of the Shining One.
  3383 | D:4      | Noticed Eustachio
  3424 | D:4      | Killed Eustachio
  3425 | D:4      | Reached skill level 4 in Dodging
  3425 | D:4      | Reached XP level 5. HP: 9/26 MP: 3/9
  3435 | D:4      | Killed an ogre
  3436 | D:4      | Gained mutation: You are covered in thick fur. (AC +2)
                  | [Felid growth]
  3436 | D:4      | Reached XP level 6. HP: 14/31 MP: 2/10
  3507 | D:4      | Found Vimeblo's Assorted Antiques.
  3515 | D:4      | Bought a bubbling ruby potion for 18 gold pieces
  3515 | D:4      | Bought an iron wand for 80 gold pieces
  3625 | D:4      | Identified the +8 trident "Beetleslayer" {flame, ^Fragile
                  | Str+4}
  3968 | D:4      | Found a sacrificial altar of Ru.
  4029 | D:4      | Found a broken altar of Ashenzari.
  4054 | D:4      | Found a transporter.
  4055 | D:4      | Found a transporter.
  4092 | D:4      | Noticed Robin
  4413 | D:4      | Killed Robin
  4552 | D:4      | Noticed LoggersVIII's ghost (amateur OpEE)
  4803 | D:5      | Entered Level 5 of the Dungeon
  4810 | D:5      | Reached XP level 7. HP: 34/35 MP: 7/11
  4870 | D:5      | Reached skill level 5 in Dodging
  5043 | D:5      | Found a shadowy altar of Dithmenos.
  5237 | D:5      | Reached skill level 5 in Stealth
  5752 | D:6      | Found a glowing drain.
  5757 | Sewer    | Entered a sewer
  6185 | Sewer    | Reached XP level 8. HP: 41/41 MP: 5/12
  6589 | D:6      | Noticed a troll
  6824 | D:6      | Noticed Pikel
  6846 | D:6      | Killed Pikel
  6847 | D:6      | Reached skill level 6 in Dodging
  6866 | D:6      | Noticed Jeremiah
  7013 | D:6      | Killed Jeremiah
  7014 | D:6      | Reached skill level 5 in Fighting
  7014 | D:6      | Reached skill level 7 in Dodging
  7014 | D:6      | Reached skill level 5 in Alchemy
  7014 | D:6      | Reached XP level 9. HP: 32/47 MP: 13/13
  7823 | D:6      | Noticed Prince Ribbit
  7844 | D:6      | Killed Prince Ribbit
  8006 | D:6      | Gained mutation: You have very sharp fingernails. [potion
                  | of mutation]
  8006 | D:6      | Gained mutation: You have a somewhat thin skeletal
                  | structure. (Dex +2, Stealth+) [potion of mutation]
  8023 | D:6      | Slain by a troll
  8023 | D:6      | Lost a life (1 life remaining)
  8088 | D:7      | Reached skill level 5 in Unarmed Combat
  8623 | D:7      | Paralysed by a hornet for 1 turns
  9525 | D:7      | Found a staircase to the Ecumenical Temple.
  9539 | Temple   | Entered the Ecumenical Temple
  9626 | D:8      | Noticed a troll
  9636 | D:8      | Killed a troll
  9637 | D:8      | Reached skill level 8 in Dodging
  9794 | D:8      | Found a staircase to the Lair.
 10334 | D:8      | Learned a level 4 spell: Olgreb's Toxic Radiance
 10347 | D:8      | Noticed a cyclops
 10359 | D:8      | Slain by a cyclops
 10359 | D:8      | Lost a life (0 lives remaining)
 10378 | D:8      | Killed a cyclops
 10379 | D:8      | Reached XP level 10. HP: 53/53 MP: 14/16
 10379 | D:8      | Gained a life (1 life remaining)
 10644 | D:8      | Reached skill level 5 in Shapeshifting
 10955 | D:8      | Found a radiant altar of Vehumet.
 11347 | D:9      | Learned a level 3 spell: Confusing Touch
 11926 | D:4      | Bought a beast talisman for 400 gold pieces
 12166 | D:9      | Found an ancient bone altar of Kikubaaqudgha.
 12310 | D:9      | Reached skill level 9 in Dodging
 12620 | D:9      | Noticed a cyclops
 12793 | D:9      | Noticed a centaur warrior
 12804 | D:9      | Killed a centaur warrior
 12812 | D:9      | Killed a cyclops
 12978 | D:9      | Found an iron altar of Okawaru.
 13034 | D:10     | Entered Level 10 of the Dungeon
 13034 | D:10     | Noticed Erolcha
 13041 | D:10     | Killed Erolcha
 13042 | D:10     | Reached XP level 11. HP: 58/58 MP: 13/19
 13042 | D:10     | Gained a life (2 lives remaining)
 13145 | D:10     | Noticed Maggie
 13148 | D:10     | Killed Maggie
 13149 | D:10     | Reached skill level 5 in Spellcasting
 13487 | D:10     | Noticed Fannar
 13578 | D:10     | Reached skill level 10 in Dodging
 13614 | D:10     | Noticed Urug
 14153 | D:10     | Found an ornate altar of the Wu Jian Council.
 14161 | D:10     | Became a worshipper of the Wu Jian Council
 14265 | D:10     | Found a staircase to the Orcish Mines.
 14544 | Orc:1    | Entered Level 1 of the Orcish Mines
 14549 | D:10     | Slain by an orc warrior
 14549 | D:10     | Lost a life (1 life remaining)
 14641 | D:10     | Killed Fannar
 15003 | D:11     | Found Ibeummapp's General Store.
 15007 | D:11     | Bought a scroll of teleportation for 42 gold pieces
 15027 | D:11     | Bought a potion of curing for 42 gold pieces
 15268 | D:11     | Noticed a boulder beetle
 15674 | D:11     | Reached * piety under Wu Jian
 15800 | D:11     | Killed a boulder beetle
 16016 | D:11     | Reached skill level 11 in Dodging
 16188 | D:12     | Found a broken altar of Ashenzari.
 16246 | Lair:1   | Entered Level 1 of the Lair of Beasts
 16951 | Lair:1   | Reached skill level 1 in Hexes
 17142 | Lair:2   | Gained mutation: Your thick and shaggy fur keeps you warm.
                  | (AC +3, rC+) [Felid growth]
 17142 | Lair:2   | Reached XP level 12. HP: 65/65 MP: 20/20
 17147 | Lair:2   | Found a gate leading to a gauntlet.
 17182 | Gauntlet | Entered a Gauntlet
 17182 | Gauntlet | Found a transporter.
 17182 | Gauntlet | Found a runed translucent door.
 17183 | Gauntlet | Found a runed translucent door.
 17190 | Gauntlet | Found a transporter.
 17193 | Gauntlet | Found a transporter.
 17194 | Gauntlet | Found a transporter.
 17201 | Gauntlet | Found a runed translucent door.
 17204 | Gauntlet | Found a transporter.
 17205 | Gauntlet | Found a transporter.
 17206 | Gauntlet | Found a transporter.
 17216 | Gauntlet | Found a transporter.
 17218 | Gauntlet | Found a transporter.
 17219 | Gauntlet | Found a transporter.
 17219 | Gauntlet | Noticed a blizzard demon
 17223 | Gauntlet | Found a runed translucent door.
 17227 | Gauntlet | Found a transporter.
 17229 | Gauntlet | Found a runed translucent door.
 17230 | Gauntlet | Found a transporter.
 17231 | Gauntlet | Found a transporter.
 17239 | Gauntlet | Found a transporter.
 17377 | Gauntlet | Noticed a death scarab
 17382 | Gauntlet | Noticed a catoblepas
 17411 | Gauntlet | HP: 3/65 [catoblepas[a boggart] (14)]
 17411 | Gauntlet | Slain by an ufetubus
 17411 | Gauntlet | Lost a life (0 lives remaining)
 17469 | Lair:2   | Noticed Erica
 17472 | Lair:2   | Reached ** piety under Wu Jian
 17699 | Lair:2   | Found a hide-covered altar of Uskayaw.
 17699 | Lair:2   | Noticed a boulder beetle
 17702 | Lair:2   | Found an ornate altar of the Wu Jian Council.
 17750 | Lair:2   | Killed a boulder beetle
 17751 | Lair:2   | Reached skill level 12 in Dodging
 17919 | Lair:1   | Succumbed to Erica's bolt of poison

Illustrated notes

Levels and vault maps discovered:
D:1:      zaba_arrival_water, layout_basic, basic_ecumenical_altar,
          serial_shops, nicolae_shop_tiny_waterfront, serial_bayou_pond_a,
          kennysheep_decorative_pillar
D:2:      layout_rooms, serial_co_window_serial, co_window_paths_b,
          co_window_paths_b, co_window_corner_a, co_window_paths_a,
          co_window_of_opportunity_a, co_window_paths_a, co_window_paths_a,
          co_window_corner_b, co_window_broadway_b, co_window_broadway_c,
          co_window_paths_c, co_window_corner_b, co_window_broadway_b,
          co_window_2corner, glass_columns_a, glass_columns_a, glass_columns_b,
          glass_columns_c
D:3:      layout_basic, nemelex_dance_club_becter, marbit_many_paths,
          minmay_bisected
D:4:      layout_cave_pools, nicolae_overflow_macrodata_refinement,
          gammafunk_ghost_gnarly_gnolls, serial_shops, shop, uniq_eustachio,
          uniq_robin
D:5:      layout_basic, grunt_dithmenos_smoke, skrybe_limestone_x
D:6:      layout_layer_cave, mainiacjoe_sewer_entry_somewhere_in_here_2,
          minmay_misc_feat_secret_circle, grunt_ministairs_10, uniq_jeremiah,
          uniq_prince_ribbit1, uniq_pikel
D:7:      layout_basic, temple_hall
D:8:      layout_basic, fiery_altar_vehumet, dpeg_oklobed_lair, serial_aquarium,
          aquarium_bridge_square [aquarium_subvault_bridge,
          aquarium_subvault_wall, aquarium_subvault_window,
          aquarium_subvault_window], aquarium_window_corner, aquarium_window_1,
          aquarium_view_4, aquarium_balcony_3a, grunt_ministairs_15,
          chequers_jeans
D:9:      minmay_chambers_of_sixes, layout_cave_pools,
          lemuel_mausoleum_altar_kikubaaqudgha, nicolae_overflow_hidden_temple,
          kennysheep_mini_moat
D:10:     layout_roguey, mainiacjoe_overflow_chevrons, hiddenorc2_lemuel,
          uniq_erolcha, uniq_maggie, uniq_urug, uniq_fannar
D:11:     layout_grid_maze, serial_shops, nicolae_stop_n_shop_2,
          minmay_misc_feat_diagonals
D:12:     layout_long_grid, ashenzari_altar_1
Temple:   hellmonk_temple_flake
Lair:1:   layout_cave_pods
Lair:2:   hangedman_what_comes_after_a, layout_cave_shapes,
          minmay_shoals_entry_lonely_mermaid, basic_altar,
          gauntlet_entry_generic, nzn_masters_of_martial_movement,
          lemuel_fruit_tree, uniq_erica, uniq_sonja
Orc:1:    layout_caves, serial_shops, nicolae_shop_tiny_waterfront,
          david_defended_altar_orc

Skill      XL: |  1  2  3  4  5  6  7  8  9 10 11 12 |
---------------+-------------------------------------+-----
Dodging        | 3 4 5 7 8 9 11 12 | 12.0
Fighting       | 1 2 3 5 6 7 8 9 |  9.1
Unarmed Combat | 1 2 3 4 6 7 8 9 |  9.0
Alchemy        | 3 4 5 6 7 |  7.0
Shapeshifting  | 1 2 3 4 5 7 |  7.5
Stealth        | 3 4 5 6 7 |  7.0
Spellcasting   | 3 4 5 |  5.0
Hexes          | 2 |  2.7
Conjurations   | |  0.8

Action                     |  1- 3 |  4- 6 |  7- 9 | 10-12 || total
---------------------------+-------+-------+-------+-------++-------
  Melee: Unarmed           |    15 |    71 |   164 |   326 ||   576
         Bite              |     1 |    12 |    16 |    49 ||    78
         Punch             |       |     4 |     7 |    18 ||    29
   Cast: Sting             |    39 |    93 |   240 |   197 ||   569
         Mercury Vapours   |     3 |     1 |       |     2 ||     6
         Mephitic Cloud    |       |     1 |     1 |    33 ||    35
         Olgreb's Toxic Ra |       |       |       |    19 ||    19
Ability: Whirlwind         |       |       |       |    22 ||    22
         Lunge             |       |       |       |    14 ||    14
  Evoke: Wand              |       |       |    24 |     6 ||    30
    Use: Scroll            |     2 |     4 |     5 |    15 ||    26
         Potion            |       |       |     4 |    11 ||    15
   Stab: Confused          |       |     3 |     1 |    29 ||    33
         Paralysed         |       |       |     2 |     1 ||     3
         Sleeping          |       |       |     2 |    19 ||    21
 Armour: Skin              |     6 |    33 |    70 |   122 ||   231
  Dodge: Dodged            |    20 |    93 |   233 |   380 ||   726
  Block: Other             |       |       |       |     3 ||     3
   Form: Beast             |       |       |       |     1 ||     1

Table legend: (Time is in decaauts)
 A = Elapsed time spent in this place.
 B = Non-inter-level travel time spent in this place.
 C = Inter-level travel time spent in this place.
 D = Time resting spent in this place.
 E = Time spent auto-exploring this place.
 F = Levels seen in this place.
 G = Mean time per level.
                   A        B        C        D        E       F      G
               +--------+--------+--------+--------+--------+-----+--------+
         Total |  17981 |  16927 |   1054 |   3686 |   9660 |  18 |  998.9 |
       Dungeon |  15451 |  14515 |    936 |   3071 |   8535 |  12 | 1287.6 |
        Temple |      1 |      0 |      1 |      0 |      0 |   1 |    1.0 |
          Lair |   1423 |   1307 |    116 |    254 |    742 |   2 |  711.5 |
  Orcish Mines |      3 |      3 |      0 |      0 |      0 |   1 |    3.0 |
         Sewer |    868 |    868 |      0 |    361 |    298 |   1 |  868.0 |
      Gauntlet |    231 |    231 |      0 |      0 |     85 |   1 |  231.0 |
               +--------+--------+--------+--------+--------+-----+--------+

Top non-repeatable levels by time:
     D:8: 1898 daAuts
     D:3: 1843 daAuts
     D:9: 1821 daAuts
    D:10: 1691 daAuts
     D:6: 1649 daAuts
     D:7: 1506 daAuts
     D:4: 1227 daAuts
  Lair:1: 1187 daAuts
     D:2: 1098 daAuts
    D:11: 1088 daAuts
     D:5: 879 daAuts
   Sewer: 868 daAuts
     D:1: 742 daAuts
  Lair:2: 236 daAuts
Gauntlet: 231 daAuts
